 Dungeon Crawl Stone Soup version 0.29.0-5-ge4962eb29e (webtiles) character file.

Game seed: 550102476096585100

122 Flugkiller the Chopper (level 4, -1/61 HPs)
             Began as a Minotaur Fighter on Aug 29, 2022.
             Killed by divine providence
             ... invoked by an orc priest
              (9 damage)
             ... on level 3 of the Dungeon.
             The game lasted 00:00:55 (2191 turns).

Flugkiller the Chopper (Minotaur Fighter)           Turns: 2191, Time: 00:00:56

Health: -1/61      AC:  7    Str: 20    XL:     4   Next: 78%
Magic:  3/3        EV:  9    Int:  5    God:
Gold:   90         SH:  4    Dex: 12    Spells: 3/3 levels left

rFire   . . .      SeeInvis .   a - +0 war axe
rCold   . . .      Faith    .   c - +0 buckler
rNeg    . . .      Spirit   .   b - +0 scale mail
rPois   .          Reflect  .   (helmet restricted)
rElec   .          Harm     .   (no cloak)
rCorr   .          Rampage  .   (no gloves)
Will    .....                   (no boots)
Stlth   ..........              (no amulet)
HPRegen 0.20/turn               (no ring)
MPRegen 0.08/turn               (no ring)

@: berserking, very quick
A: horns 2, retaliatory headbutt
a: no special abilities


You were on level 3 of the Dungeon.
You visited 1 branch of the dungeon, and saw 3 of its levels.

You collected 90 gold pieces.

Inventory:

Hand Weapons
 a - a +0 war axe (weapon)
Armour
 b - a +0 scale mail (worn)
 c - a +0 buckler (worn)
Jewellery
 f - a ring of protection from fire
   (You found it on level 2 of the Dungeon)
Scrolls
 g - 4 scrolls of identify {unknown}
 j - a scroll of summoning {unknown}
 k - a scroll of enchant armour {unknown}
 l - a scroll of fear {unknown}
 m - 2 scrolls of teleportation {unknown}
 n - a scroll of poison {unknown}
 o - 3 scrolls of magic mapping {unknown}
 p - a scroll of butterflies {unknown}
 q - a scroll of enchant weapon {unknown}
 s - a scroll of vulnerability {unknown}
Potions
 d - a potion of might
 e - a potion of curing {unknown}
 h - a potion of berserk rage
 i - a potion of heal wounds {unknown}
 r - 2 potions of mutation {unknown}
 t - a potion of invisibility {unknown}


   Skills:
 + Level 4.5 Fighting
 * Level 4.6 Axes
 + Level 4.5 Armour
 - Level 3.6 Shields


You had 3 spell levels left.
You didn't know any spells.
Your spell library was empty.

Dungeon Overview and Level Annotations

Branches:
Dungeon (3/15)

Altars:

Shops:
D:1 =   D:3 [


Innate Abilities, Weirdness & Mutations

You have a pair of horns on your head.
You reflexively headbutt those who attack you in melee.


Message History

You headbutt the kobold, but do no damage.
You closely miss the kobold. The kobold hits you but does no damage.
You closely miss the kobold. You headbutt the kobold.
You kill the kobold!
No target in view!
No target in view!
No target in view!
No target in view!
No target in view!
Found a stone staircase leading up.
There is a stone staircase leading up here.
Natasha, Servant of Life and Death comes into view.
Natasha is nearby!
Natasha is nearby!
Natasha claws you.
You slash Natasha! You headbutt Natasha.
Natasha is severely wounded.
Natasha drinks a potion.
Natasha suddenly seems more resistant.
You barely miss Natasha. You headbutt Natasha, but do no damage.
Natasha is severely wounded.
Natasha barely misses you. x2
You closely miss Natasha.
Natasha is severely wounded.
Natasha claws you.
You slash Natasha!
You kill Natasha!
Natasha screams in pain as she dies!
No target in view!
No target in view!
No target in view!
An endoplasm comes into view.
The endoplasm quivers.
An endoplasm is nearby!
An endoplasm is nearby!
The endoplasm barely misses you.
You hit the endoplasm but do no damage. You headbutt the endoplasm.
The endoplasm is almost dead.
The endoplasm hits you but does no damage.
You slash the endoplasm!
You kill the endoplasm!
No target in view!
No target in view!
No target in view!
No target in view!
Found Vonah's Antique Armour Shop.
No target in view!
Found a stone staircase leading up.
Found a book of Power.
No target in view!
No target in view!
No target in view!
No target in view!
An orc priest comes into view. It is wielding a +0 club.
Found 9 gold pieces.
There is an entrance to Vonah's Antique Armour Shop here.
The orc priest invokes the aid of Beogh against you.
Pain shoots through your body!
An orc priest and an orc come into view.
The orc is wielding a +0 morningstar and quivering silver boomerangs.
Found 38 gold pieces.
Found a roughly hewn altar of Beogh.
The orc priest shouts!
The orc shouts!
You hear an angry hiss.
The orc priest mumbles some strange prayers to Beogh against you.
Pain shoots through your body!
The orc throws a silver boomerang.
The silver boomerang hits you but does no damage.
You hear a shout! 2 orcs and a frilled lizard come into view.
Found 23 gold pieces.
The orc shouts!
The frilled lizard hisses angrily.
The orc priest barely misses you.
The orc priest casts a cantrip, but nothing happens.
There is an open door here.
You barely miss the orc priest. You headbutt the orc priest.
The orc priest is lightly wounded.
You hit the orc. You slash the orc!
You kill the orc!
The orc priest closely misses you.
The orc priest invokes the aid of Beogh against you.
Beogh smites you! The orc closely misses you. You furiously retaliate!
You headbutt the orc, but do no damage.
The orc priest casts a cantrip, but nothing happens.
The orc hits you with a +0 flail. The orc hits you but does no damage.
You are too injured to fight recklessly!
You are too injured to fight recklessly!
You are too injured to fight recklessly!
You are too injured to fight recklessly!
You are too injured to fight recklessly!
Unknown command.
The orc priest attacks as you move away!
The orc priest barely misses you.
The orc priest calls down the wrath of Beogh upon you.
Beogh smites you!
* * * LOW HITPOINT WARNING * * *
It was a potion of berserk rage.
A red film seems to cover your vision as you go berserk!
You feel yourself moving faster!
You feel mighty! You block the orc's attack.
You slash the orc!
You kill the orc!
The orc priest mumbles some strange prayers to Beogh against you.
Beogh smites you!
You die...

#### ##$.$# ####
#.8$8l### ...#
#_$$oo'o# ##.#
#$8.8)#o# <## #.#
##$.l##@###...:.
##.#####
#####..∩.......
.......#
#..........##
#.####.# #.######...#
#.#
##.######.######.....
#.###................
.##
#..............####..
.. #####..#####...# #
#..# #####


You could see an orc priest, an orc and a frilled lizard.

Vanquished Creatures
  Natasha (twice) (D:3)
  2 adders (D:2)
  3 worms
  2 orcs (D:3)
  2 endoplasms (D:3)
  7 giant cockroaches
  4 goblins
  2 hobgoblins (D:3)
  A quokka (D:1)
  6 ball pythons
  3 bats
  7 kobolds
  3 rats (D:1)
44 creatures vanquished.

Notes
Turn   | Place    | Note
-------+----------+-------------------------------------------
     0 | D:1      | Flugkiller the Minotaur Fighter began the quest for the
                  | Orb.
     0 | D:1      | Reached XP level 1. HP: 19/19 MP: 0/0
   404 | D:1      | Reached XP level 2. HP: 25/27 MP: 1/1
   807 | D:1      | Found Asyr's Jewellery Shoppe.
   934 | D:1      | Found a faded altar of an unknown god.
  1176 | D:2      | Reached XP level 3. HP: 33/33 MP: 2/2
  1809 | D:3      | Noticed Natasha
  1815 | D:3      | Killed Natasha
  1816 | D:3      | Reached XP level 4. HP: 33/41 MP: 3/3
  2106 | D:3      | Noticed Natasha
  2112 | D:3      | Killed Natasha
  2176 | D:3      | Found Vonah's Antique Armour Shop.
  2191 | D:3      | Killed from afar by an orc priest

Illustrated notes

Levels and vault maps discovered:
D:1:      psy_arrival_conway, layout_loops_corners,
          hellmonk_ecumenical_altar_prayer_group, serial_shops,
          nicolae_shop_behind_doors, hangedman_feature_mirror
D:2:      layout_rooms, minmay_fountain_box
D:3:      layout_loops_ring, serial_shops, shop, kennysheep_orc_chapel,
          uniq_sigmund, uniq_natasha

Skill      XL: |  1  2  3 |
---------------+----------+-----
Axes           | 3 4 |  4.6
Fighting       | 4 |  4.5
Armour         | 4 |  4.5
Shields        | |  3.6

Action                   |  1- 3 |  4- 6 || total
-------------------------+-------+-------++-------
Melee: War axe           |    89 |    27 ||   116
       Headbutt          |    16 |     6 ||    22
  Use: Potion            |       |     1 ||     1
Armor: Scale mail        |    50 |     6 ||    56
Dodge: Dodged            |    42 |    15 ||    57
Block: Buckler           |    16 |     2 ||    18
